 Dungeon Crawl Stone Soup version 0.30-a0-802-gb92711bcdf (webtiles) character file.

Game seed: 8601249692445071160

94 bande the Trooper (level 4, -7/29 HPs)
             Began as a Gargoyle Fighter on Feb 25, 2023.
             Mangled by Pikel
             ... wielding a +1 whip of freezing
              (9 damage)
             ... on level 3 of the Dungeon.
             The game lasted 00:03:10 (2916 turns).

bande the Trooper (Gargoyle Fighter)                Turns: 2916, Time: 00:03:11

Health: -7/29      AC: 11    Str: 19    XL:     4   Next: 63%
Magic:  4/4        EV: 14    Int:  9    God:
Gold:   153        SH:  4    Dex: 11    Spells: 3/3 levels left

rFire   . . .      SeeInvis .    a - +1 war axe
rCold   . . .      Faith    .    c - +0 buckler
rNeg    + . .      Spirit   .    b - +0 scale mail
rPois   ∞          Reflect  .    (no helmet)
rElec   +          Harm     .    q - +0 cloak
rCorr   .          Rampage  .    (no gloves)
Will    .....                    (no boots) Stlth
                                 (no amulet)
HPRegen 0.24/turn                h - +5 ring of evasion
MPRegen 0.09/turn                (no ring)

@: no status effects
A: sickness immunity, AC +3, negative energy resistance 1, electricity
resistance, torment resistance 1, petrification resistance
a: no special abilities


You were on level 3 of the Dungeon.
You visited 1 branch of the dungeon, and saw 4 of its levels.

You collected 153 gold pieces.

Inventory:

Hand Weapons
 a - a +1 war axe (weapon)
Armour
 b - a +0 scale mail (worn)
 c - a +0 buckler (worn)
 q - a +0 cloak (worn)
Jewellery
 h - a +5 ring of evasion (left hand)
Scrolls
 j - a scroll of identify
 l - a scroll of enchant weapon
 m - a scroll of magic mapping
Potions
 d - 3 potions of might
 e - a potion of lignification {unknown}
 f - a potion of invisibility {unknown}
 g - 3 potions of curing
 i - a potion of berserk rage {unknown}
 k - a potion of flight {unknown}
 n - a potion of attraction {unknown}
 r - a potion of magic {unknown}


   Skills:
 + Level 3.8 Fighting
 + Level 3.2 Axes
 + Level 3.7 Armour
 + Level 3.8 Shields


You had 3 spell levels left.
You didn't know any spells.
Your spell library contained the following spells:

 Spells                   Type           Power      Damage    Failure   Level
 Blink                    Tloc           0%         N/A       93%         2
 Summon Guardian Golem    Hex/Summ       0%         N/A       99%         3
 Manifold Assault         Tloc           0%         N/A       100%        4
 Alistair's Intoxication  Tmut/Pois      0%         N/A       100%        5
 Borgnjor's Vile Clutch   Necr/Erth      0%         N/A       100%        5
 Eringya's Noxious Bog    Tmut/Pois      0%         N/A       100%        6
 Orb of Destruction       Conj           0%         9d5       100%        7
 Spellforged Servitor     Conj/Summ      0%         N/A       100%        7
 Storm Form               Tmut/Air       0%         N/A       100%        7


Dungeon Overview and Level Annotations

Branches:
Dungeon (4/15)
 Temple: D:4-7

Altars:

Annotations:
D:3 Pikel


Innate Abilities, Weirdness & Mutations

You are immune to sickness and miasma.
Your stone body is resilient. (AC +3)
You are immune to poison.
You resist negative energy. (rN+)
You are resistant to electric shocks. (rElec)
You are resistant to unholy torment.
You are immune to petrification.


Message History

Pikel is lightly wounded.
You block Pikel's attack.
You barely miss Pikel.
Pikel is lightly wounded.
Pikel closely misses you.
You barely miss Pikel.
Pikel is lightly wounded.
Pikel hits you with a +1 whip of freezing!
Pikel freezes you. You block Pikel's attack.
You closely miss Pikel.
Pikel is lightly wounded.
Pikel says, "You'll feel the lick of my whip!"
Pikel hits you but does no damage.
You barely miss Pikel.
Pikel is lightly wounded.
Pikel hits you with a +1 whip of freezing!
Pikel freezes you.
Pikel hits you with a +1 whip of freezing.
Pikel freezes you.
You are too injured to fight recklessly!
You are too injured to fight recklessly!
You are too injured to fight recklessly!
You are too injured to fight recklessly!
You are too injured to fight recklessly!
You are too injured to fight recklessly!
You are too injured to fight recklessly!
You hit Pikel but do no damage.
Pikel is lightly wounded.
Pikel hits you but does no damage.
You closely miss Pikel.
Pikel is lightly wounded.
Pikel barely misses you.
You closely miss Pikel.
Pikel is lightly wounded.
Pikel hits you with a +1 whip of freezing!
* * * LOW HITPOINT WARNING * * *
Pikel freezes you.
* * * LOW HITPOINT WARNING * * *
Pikel hits you with a +1 whip of freezing!
You die...

###..#.# #........# #........
.....#.#### #####.#### #####.###
###.(#....# #># #.# #.....#.# #.#
##+## #.##..[.# #.# ##...##
#.##<#.## #.### ##.....# #
#....#.# #...## ##.......
####...#.#########...####........
'.........).....@K......'........
####...#.#########...####........
# ##.##.# #####.######.......
####.# #........# ##.....# ##.##
#.###.##.# ##...## ##.#.##
#.###.##.# ##'## #.###.#
#.....##.# #.# ##.#.## #..#####.#
#.# ##.## #........# ##.##


You could see Pikel.

Vanquished Creatures
  A lemure (D:3)
  A gnoll (D:1)
  An adder (D:3)
  2 worms (D:2)
  2 dart slugs
  2 orcs
  5 ball pythons
  5 endoplasms
  7 giant cockroaches
  5 hobgoblins
  5 jackals
  7 kobolds
  4 bats
  5 frilled lizards
  3 goblins
  8 rats
63 creatures vanquished.

Notes
Turn   | Place    | Note
-------+----------+-------------------------------------------
     0 | D:1      | bande the Gargoyle Fighter began the quest for the Orb.
     0 | D:1      | Reached XP level 1. HP: 14/14 MP: 1/1
    96 | D:1      | Reached XP level 2. HP: 18/19 MP: 2/2
   387 | D:1      | Reached XP level 3. HP: 16/23 MP: 3/3
  1120 | D:2      | Reached XP level 4. HP: 29/29 MP: 4/4
  2701 | D:4      | Noticed Pikel
  2701 | D:4      | Noticed a lemure
  2701 | D:4      | Noticed a lemure
  2701 | D:4      | Noticed a lemure
  2702 | D:4      | Noticed a lemure
  2723 | D:3      | Killed a lemure
  2916 | D:3      | Mangled by Pikel

Illustrated notes

Levels and vault maps discovered:
D:1:      denvon_arrival_planthouse, layout_basic
D:2:      layout_loops_corners, nicolae_concentric_dashed_squares_wild
D:3:      minmay_diamond_boxcup, layout_loops_corners
D:4:      layout_basic, nicolae_overflow_hidden_temple,
          grunt_dithmenos_smoke_and_mirrors, serial_undead, serial_undead_d,
          serial_undead_b, serial_undead_f, serial_undead_e, serial_undead_d,
          serial_undead_b, serial_undead_c, kennysheep_nub, glass_columns_b,
          uniq_pikel, uniq_robin, uniq_sigmund

Skill      XL: |  1  2  3  4 |
---------------+-------------+-----
Axes           | 2 3 |  3.2
Fighting       | |  3.8
Armour         | |  3.7
Shields        | |  3.8

Action                     |  1- 3 |  4- 6 || total
---------------------------+-------+-------++-------
  Melee: War axe           |    85 |    81 ||   166
    Use: Scroll            |       |     7 ||     7
 Armour: Scale mail        |    53 |    26 ||    79
  Dodge: Dodged            |    42 |    38 ||    80
  Block: Buckler           |    25 |    10 ||    35

Table legend: (Time is in decaauts)
 A = Elapsed time spent in this place.
 B = Non-inter-level travel time spent in this place.
 C = Inter-level travel time spent in this place.
 D = Time resting spent in this place.
 E = Time spent auto-exploring this place.
 F = Levels seen in this place.
 G = Mean time per level.
                   A        B        C        D        E       F      G
               +--------+--------+--------+--------+--------+-----+--------+
         Total |   2983 |   2947 |     36 |    309 |   2116 |   4 |  745.8 |
       Dungeon |   2983 |   2947 |     36 |    309 |   2116 |   4 |  745.8 |
               +--------+--------+--------+--------+--------+-----+--------+

Top non-repeatable levels by time:
     D:3: 1158 daAuts
     D:2: 931 daAuts
     D:1: 844 daAuts
     D:4: 48 daAuts
